Map: Ruins of Seras

Players

llllllllllll - Winner!

  • Race: Terran Terran
  • League: Gold

wabbajack

  • Race: Zerg Zerg
  • League: Gold

VOD

Have the link to the VOD?

Description

Time

  • Played on: July 22, 2015, 2:26 a.m.
  • Length: 6:20
Show
View Real Time Build Order
Export as new Build Order

llllllllllll Terran - Winner!

Build Orders: Hellion Opening 

Get SALT Encoding   

  12  0:01  SCV  
  13  0:13  SCV  
  14  0:20  Supply Depot  
  14  0:25  SCV  
  15  0:32  Refinery  
  15  0:41  SCV  
  16  0:50  Barracks  
  16  0:53  SCV  
  17  1:05  SCV  
  17  1:06  Refinery  
  18  1:18  SCV  
  19  1:30  SCV  
  20  1:39  Factory  
  20  1:42  Barracks Reactor  
  20  1:48  Orbital Command  
  20  2:18  SCV  
  20  2:19  Command Center  
  21  2:31  Hellion, Barracks Tech Lab  
  23  2:41  Supply Depot  
  23  2:44  Supply Depot  
  23  2:47  Supply Depot  
  23  3:03  SCV, Hellion x2, Marauder  
  30  3:12  Supply Depot  
  30  3:15  SCV  
  31  3:24  Hellion x2, Marauder  
  37  3:27  SCV  
  37  3:30  Orbital Command  
  38  3:39  SCV  
  39  3:42  Supply Depot  
  39  3:46  Hellion, Marauder  
  43  3:51  SCV  
  43  3:53  Hellion  
  46  4:06  Supply Depot  
  46  4:07  Hellion, Marauder  
  51  4:10  SCV  
  51  4:12  SCV  
  51  4:15  Hellion  
  54  4:22  SCV  
  54  4:28  Hellion  
  54  4:29  Marauder  
  54  4:30  Supply Depot  
  48  4:40  SCV  
  48  4:42  Hellion  
  48  4:44  SCV  
  47  4:50  Hellion  
  47  4:54  SCV  
  48  5:04  Hellion  
  50  5:10  Marauder  
  50  5:11  Hellion  
  54  5:25  Hellion  
  56  5:31  Marauder  
  56  5:33  Hellion  
  60  5:48  Hellion  
  62  5:55  Hellion  
  62  5:56  Marauder  
Show
View Real Time Build Order
Export as new Build Order

wabbajack Zerg 

Build Orders: Hatch First 

Get SALT Encoding   

  12  0:01  Drone  
  13  0:13  Overlord  
  13  0:25  Drone  
  13  0:28  Drone, Extractor  
  13  0:32  Drone  
  16  0:37  Drone  
  17  0:45  Extractor  
  16  0:58  Hatchery  
  16  1:01  Drone  
  16  1:04  Drone  
  17  1:15  Drone  
  18  1:23  Spawning Pool  
  17  1:45  Drone x2  
  17  1:46  Overlord  
  19  2:10  Queen  
  19  2:11  Queen  
  23  2:19  Baneling Nest  
  23  2:20  Metabolic Boost  
  22  2:24  Drone  
  22  2:25  Drone  
  24  2:31  Zergling x2  
  24  2:33  Zergling x2  
  24  2:36  Zergling x2  
  27  2:40  Zergling x2  
  28  2:44  Zergling x2  
  28  2:47  Zergling x2  
  30  2:53  Pneumatized Carapace  
  30  3:00  Drone x2  
  30  3:05  Overlord  
  32  3:28  Drone  
  32  3:29  Drone x6  
  39  3:34  Baneling  
  39  3:35  Baneling  
  39  3:37  Baneling  
  39  3:41  Baneling  
  39  3:58  Baneling  
  39  4:01  Baneling  
  39  4:12  Drone  
  39  4:13  Drone x5, Roach Warren  
  39  4:14  Overlord x2  
  41  4:50  Extractor  
  38  4:53  Drone x4, Extractor  
  38  4:54  Drone x3  
  38  4:55  Drone x3  
  38  4:57  Overlord  
  46  5:05  Hatchery  
  45  5:11  Lair  
  45  5:19  Hatchery  
  44  5:27  Roach  
  44  5:28  Roach x6  
  19  5:58  Roach x4  
Tags
 
Add a new tag
Caveats
  • Supply blocks, unpowered buildings, or Contaminate may cause inaccurate times.
  • Supply counts are checked every 10 seconds.